 Dungeon Crawl Stone Soup version 0.25.0-1-g7eea58d (webtiles) character file.

Game seed: 3496589933749285374

18974 Illumine the Basher (level 12, 0/76 HPs)
             Began as a Gargoyle Fighter on June 21, 2020.
             Was a High Priest of Okawaru.
             Killed from afar by an ice dragon (19 damage)
             ... with a blast of cold
             ... on level 4 of the Lair of Beasts on June 22, 2020.
             The game lasted 00:33:39 (13526 turns).

Illumine the Basher (Gargoyle Fighter)             Turns: 13526, Time: 00:33:39

Health: 0/76       AC: 24    Str: 26    XL:     12   Next: 64%
Magic:  15/17      EV: 11    Int:  8    God:    Okawaru [*****.]
Gold:   951        SH: 19    Dex:  9    Spells: 11/11 levels left

rFire    + + .     SeeInvis .   w - +1 flail (venom)
rCold    + . .     Gourm    .   c - +0 kite shield
rNeg     + + .     Faith    .   C - +0 plate armour
rPois    ∞         Spirit   .   X - -2 hat of the Alchemist {rElec rPois rF+ rC+ rN+ MR+ rMut rCorr}
rElec    +         Reflect  +   r - +0 cloak
rCorr    +         Harm     .   (no gloves)
rMut     +                      (no boots)
MR       ++...                  W - amulet of reflection
Stlth    ..........             m - ring of protection from fire
HPRegen  0.22/turn              g - ring of protection from magic
MPRegen  0.15/turn

@: heroism, flying, studying Throwing
A: big wings, horns 1, negative energy resistance 1, electricity resistance,
unbreathing, petrification resistance, rot immunity, subdued magic 1, AC +8
a: Stop Flying, Heroism, Finesse, Renounce Religion


You were on level 4 of the Lair of Beasts.
You worshipped Okawaru.
Okawaru was extremely pleased with you.
You were not hungry.

You visited 3 branches of the dungeon, and saw 15 of its levels.
You also visited: Gauntlet.

You collected 951 gold pieces.

Inventory:

Hand Weapons
 w - a +1 flail of venom (weapon)
 F - a +0 morningstar
Missiles
 f - 5 curare-tipped darts
 y - 11 boomerangs (quivered)
 G - 15 atropa-tipped darts
 J - 12 silver javelins
 O - 8 boomerangs of dispersal
 R - 5 datura-tipped darts
 S - 14 javelins
Armour
 c - a +0 kite shield (worn)
 r - a +0 cloak (worn)
 C - a +0 plate armour (worn)
 L - a +1 hat of see invisible
 Q - the +4 chain mail of Resilience {*Drain Int+3 Stlth+}
   (You found it in a Gauntlet)

   It affects your intelligence (+3).
   It causes draining when unequipped.
   It makes you more stealthy.
 X - the -2 hat of the Alchemist (worn) {rElec rPois rF+ rC+ rN+ MR+ rMut rCorr}
   (You found it in a Gauntlet)

   It protects you from fire.
   It protects you from cold.
   It insulates you from electricity.
   It protects you from poison.
   It protects you from negative energy.
   It affects your resistance to hostile enchantments.
   It provides partial protection from all sources of acid and corrosion.
   It protects you from mutation.
Jewellery
 g - a ring of protection from magic (right hand)
 m - a ring of protection from fire (left hand)
 v - the amulet of Terra Nullius {Inacc rC+ MP+9 Int+2}
   (You found it in a Gauntlet)

   [amulet of inaccuracy]

   It reduces the accuracy of all your attacks.
   It affects your intelligence (+2).
   It protects you from cold.
   It affects your magic capacity (+9).
 H - an uncursed ring of resist corrosion
 T - the ring "Ujac Ugi" {*Tele MP-9 Int+3 SInv}
   (You took it off a minotaur in a Gauntlet)

   [ring of teleportation]

   It may teleport you next to monsters.
   It affects your intelligence (+3).
   It affects your magic capacity (-9).
   It lets you see invisible.
 W - an amulet of reflection (around neck)
Wands
 j - a wand of digging (7)
 x - a wand of paralysis (10)
 z - a wand of polymorph (7)
 D - a wand of iceblast (6)
 E - a wand of clouds (2)
Scrolls
 h - 2 scrolls of enchant armour
 i - 2 scrolls of immolation
 n - 2 scrolls of fear
 s - 2 scrolls of blinking
 t - a scroll of teleportation
 u - 2 scrolls of remove curse
 I - a scroll of magic mapping
 M - a scroll of brand weapon {unknown}
 N - a scroll of fog {unknown}
 V - a scroll of vulnerability {unknown}
Potions
 a - a potion of might
 e - a potion of stabbing
 k - a potion of resistance
 l - a potion of haste {unknown}
 p - 4 potions of curing
 q - 2 potions of brilliance
 A - 2 potions of cancellation
 B - 2 potions of flight
 P - a potion of lignification {unknown}
 U - a potion of heal wounds
Books
 d - a manual of Throwing
Miscellaneous
 K - a tin of tremorstones (3/3)
 Y - a lightning rod (4/4)
 Z - a tin of tremorstones (3/3)
Comestibles
 b - 8 rations
 o - 8 chunks of flesh


   Skills:
 + Level 9.4(14.4) Fighting
 + Level 9.9(14.9) Maces & Flails
 + Level 9.0(14.0) Throwing
 + Level 9.4(14.4) Armour
 + Level 4.7(9.7) Dodging
 + Level 9.5(14.5) Shields
 + Level 7.9 Invocations
 - Level 2.0 Evocations


You had 11 spell levels left.
You didn't know any spells.
Your spell library contained the following spells:

 Spells                   Type           Power        Failure   Level  Hunger
 Animate Skeleton         Necr           N/A          96%         1    ##.....
 Beastly Appendage        Tmut           #.....       96%         1    ##.....
 Corona                   Hex            #......      96%         1    ##.....
 Foxfire                  Conj/Fire      #...         96%         1    ##.....
 Magic Dart               Conj           #...         96%         1    ##.....
 Pain                     Necr           #...         96%         1    ##.....
 Sting                    Tmut/Pois      #...         96%         1    ##.....
 Blink                    Tloc           N/A          99%         2    ###....
 Call Imp                 Summ           #.......     99%         2    ###....
 Ensorcelled Hibernation  Hex/Ice        #.....       99%         2    ###....
 Slow                     Hex            #.......     99%         2    ###....
 Sticks to Snakes         Tmut           #.......     99%         2    ###....
 Confusing Touch          Hex            #.......     100%        3    ####...
 Conjure Flame            Conj/Fire      #.......     100%        3    ####...
 Dazzling Flash           Conj/Hex       #.....       100%        3    ####...
 Ignite Poison            Fire/Tmut/Pois #.......     100%        3    ####...
 Inner Flame              Hex/Fire       #.......     100%        3    ####...
 Mephitic Cloud           Conj/Pois/Air  #.......     100%        3    ####...
 Spider Form              Tmut/Pois      #.........   100%        3    ####...
 Stone Arrow              Conj/Erth      #.....       100%        3    ####...
 Tukima's Dance           Hex            #.......     100%        3    ####...
 Vampiric Draining        Necr           #.........   100%        3    ####...
 Animate Dead             Necr           N/A          100%        4    #####..
 Ice Form                 Ice/Tmut       #.......     100%        4    #####..
 Leda's Liquefaction      Hex/Erth       #.........   100%        4    #####..
 Sticky Flame             Conj/Fire      #.......     100%        4    #####..
 Agony                    Necr           #.......     100%        5    ######.
 Alistair's Intoxication  Tmut/Pois      #.......     100%        5    ######.
 Blade Hands              Tmut           #.........   100%        5    ######.
 Fireball                 Conj/Fire      #.........   100%        5    ######.
 Starburst                Conj/Fire      #.........   100%        6    #######
 Ring of Flames           Chrm/Fire      #.........   100%        7    #######
 Ignition                 Fire           #.........   100%        8    #######
 Statue Form              Tmut/Erth      Unusable     N/A         6    N/A

Dungeon Overview and Level Annotations

Branches:
Dungeon (10/15)            Temple (1/1) D:4            Lair (4/6) D:9
  Swamp (0/4) Lair:3        Snake (0/4) Lair:3      Gauntlet (visited)
    Orc: D:9-12

Altars:
Ashenzari
Cheibriados
Dithmenos
Gozag
Hepliaklqana
Kikubaaqudgha
Makhleb
Okawaru
Sif Muna
Uskayaw
Wu Jian
Xom
Yredelemnul
Zin
The Shining One

Annotations:
D:5 2 transporters, GeorgeSoros's ghost, amateur DgWn
Lair:1 exclusion: oklob plant


Innate Abilities, Weirdness & Mutations

You are resistant to torment.
Your stone body is resilient. (AC +8)
You are immune to poison.
You resist negative energy. (rN+)
You are resistant to electric shocks. (rElec)
You can survive without breathing.
You are immune to petrification.
You are immune to rotting.
Your large and strong wings let you fly indefinitely.
You have a pair of small horns on your head.
Your spells are a little easier to cast, but a little less powerful.


Message History

The blast of cold misses you.
Your plate armour prevents you from hitting the ice dragon.
The ice dragon is moderately wounded.
You are engulfed in freezing vapours.
You resist. You block the ice dragon's attack.
The ice dragon claws you but does no damage.
The ice dragon tramples you but does no damage.
You sock the ice dragon!
You headbutt the ice dragon, but do no damage.
The ice dragon is moderately wounded.
You are engulfed in freezing vapours.
You resist.
You hit the ice dragon.
You headbutt the ice dragon, but do no damage.
The ice dragon is heavily wounded.
You are engulfed in freezing vapours.
You resist. The ice dragon bites you!
* * * LOW HITPOINT WARNING * * *
The ice dragon barely misses you. You block the ice dragon's attack.
The ice dragon breathes frost at you. The blast of cold hits you!! You resist.
You die...

###/$!#
##≈$$!.# #
###≈≈$$..#
##.P
#≈≈≈≈≈...#
....
#≈≈≈≈≈...#
....
#≈≈≈≈≈≈.≈#
....
#≈..≈≈≈≈≈#
....
#.....≈@D#
....
#......≈°#
....
#........#
....
##.......#
....
#......##
.....#
#......#
.....#
##....##
.....#
##..##
.....#
#..#


You could see an ice dragon (poisoned, catching breath).

Vanquished Creatures
  Gastronok (D:9)
  A minotaur (Gauntlet)
  2 hydras
  Sonja (Lair:1)
  Urug (Lair:4)
  4 lindwurms (Lair:3)
  An elephant (D:9)
  2 black mambas
  A spiny frog (Lair:2)
  5 komodo dragons
  A polar bear (Lair:4)
  2 hornets (Gauntlet)
  2 hippogriffs
  A centaur simulacrum (Gauntlet)
  3 shadows (Gauntlet)
  Sigmund (D:4)
  4 yaks
  A wyvern (D:9)
  2 basilisks (D:9)
  2 nagas (Lair:3)
  7 water moccasins
  9 porcupines
  4 orc warriors
  An ice beast (D:4)
  A phantom (D:10)
  A necrophage (D:8)
  2 centaurs
  3 ogres
  3 crocodiles
  12 wolves
  A gnoll sergeant (D:6)
  13 bullfrogs
  A spiny frog simulacrum (Gauntlet)
  3 scorpions
  An electric eel (Lair:1)
  A howler monkey (D:7)
  2 crimson imps
  A bullfrog zombie (D:5)
  4 hounds
  8 orc priests
  2 bullfrog skeletons
  Terence (D:2)
  Ijyb (D:3)
  6 iguanas
  12 orc wizards
  9 worker ants
  A bullfrog simulacrum (Gauntlet)
  2 hound zombies
  12 adders
  10 gnolls
  6 shadow imps
  2 adder skeletons
  A worm (D:6)
  2 dart slugs
  4 leopard geckos
  64 orcs
  11 giant cockroaches
  7 hobgoblins
  19 jackals
  6 quokkas
  2 ball pythons
  10 bats
  2 frilled lizards
  6 goblins
  A jackal zombie (D:5)
  6 kobolds
  A quokka skeleton (D:7)
  11 rats
333 creatures vanquished.

Vanquished Creatures (others)
  A fungus (Lair:2)
  A plant (Lair:1)
2 creatures vanquished.

Grand Total: 335 creatures vanquished

Notes
Turn   | Place    | Note
-------+----------+-------------------------------------------
     0 | D:1      | Illumine the Gargoyle Fighter began the quest for the Orb.
     0 | D:1      | Reached XP level 1. HP: 14/14 MP: 1/1
   213 | D:1      | Reached XP level 2. HP: 16/19 MP: 2/2
   513 | D:1      | Reached XP level 3. HP: 23/23 MP: 3/3
   683 | D:1      | Found a shattered altar of Ashenzari.
  1043 | D:2      | Reached XP level 4. HP: 22/29 MP: 4/4
  1303 | D:2      | You fall into a shaft and drop 2 floors!
  1356 | D:4      | Reached XP level 5. HP: 16/33 MP: 5/5
  1372 | D:4      | Gained mutation: Your spells are a little easier to cast,
                  | but a little less powerful. [potion of mutation]
  1372 | D:4      | Gained mutation: You have a pair of small horns on your
                  | head. [potion of mutation]
  1372 | D:4      | Gained mutation: Your large and strong wings let you fly
                  | indefinitely. [potion of mutation]
  1436 | D:4      | Found a staircase to the Ecumenical Temple.
  1442 | Temple   | Entered the Ecumenical Temple
  1690 | Temple   | Became a worshipper of Warmaster Okawaru
  1825 | D:4      | Noticed an ice beast
  1840 | D:4      | Killed an ice beast
  1840 | D:4      | Reached XP level 6. HP: 22/39 MP: 6/6
  2041 | D:4      | Noticed Sigmund
  2054 | D:4      | Killed Sigmund
  2054 | D:4      | Reached * piety under Okawaru
  2054 | D:4      | Reached XP level 7. HP: 44/44 MP: 7/7
  2243 | D:3      | Reached skill level 5 in Maces & Flails
  2430 | D:2      | Noticed Terence
  2444 | D:2      | Killed Terence
  2659 | D:2      | Reached skill level 1 in Invocations
  2689 | D:2      | Reached skill level 5 in Shields
  2776 | D:3      | Noticed Ijyb
  2834 | D:3      | Killed Ijyb
  2993 | D:3      | Reached skill level 5 in Fighting
  3059 | D:3      | Found a glowing silver altar of Zin.
  3208 | D:3      | Reached skill level 5 in Armour
  3411 | D:3      | Found a shattered altar of Ashenzari.
  3905 | D:4      | Reached ** piety under Okawaru
  4020 | D:4      | Reached XP level 8. HP: 49/49 MP: 9/9
  4187 | D:5      | Entered Level 5 of the Dungeon
  4557 | D:5      | Found a transporter.
  4559 | D:5      | Noticed GeorgeSoros's ghost (amateur DgWn)
  4712 | D:5      | Found an ornate altar of the Wu Jian Council.
  4764 | D:5      | Found a transporter.
  4907 | D:5      | Reached skill level 1 in Throwing
  5426 | D:6      | Reached skill level 1 in Evocations
  5718 | D:6      | Reached XP level 9. HP: 51/55 MP: 11/11
  5745 | D:6      | Reached *** piety under Okawaru
  7199 | D:8      | Received a gift from Okawaru
  8008 | D:9      | Reached **** piety under Okawaru
  8008 | D:9      | Reached XP level 10. HP: 43/61 MP: 13/13
  8213 | D:9      | Noticed Gastronok
  8229 | D:9      | Killed Gastronok
  8229 | D:9      | Reached skill level 5 in Throwing
  8229 | D:9      | Reached skill level 1 in Dodging
  8229 | D:9      | Reached skill level 5 in Invocations
  8636 | D:9      | Found a staircase to the Lair.
  8650 | D:9      | Reached ***** piety under Okawaru
  8650 | D:9      | Received a gift from Okawaru
  8662 | D:9      | Noticed an elephant
  8717 | D:9      | Found a glowing golden altar of the Shining One.
  8717 | D:9      | Found a snail-covered altar of Cheibriados.
  8727 | D:9      | Found an ancient bone altar of Kikubaaqudgha.
  8729 | D:9      | Found a basalt altar of Yredelemnul.
  8731 | D:9      | Found a hazy altar of Hepliaklqana.
  8731 | D:9      | Found an opulent altar of Gozag.
  8744 | D:9      | Killed an elephant
  8976 | D:10     | Entered Level 10 of the Dungeon
  9047 | D:10     | Received a gift from Okawaru
  9153 | Lair:1   | Entered Level 1 of the Lair of Beasts
  9266 | Lair:1   | Reached XP level 11. HP: 57/68 MP: 15/15
  9630 | Lair:1   | Noticed a six-headed hydra
  9648 | Lair:1   | Killed a six-headed hydra
 10010 | Lair:1   | Noticed Sonja
 10036 | Lair:1   | Killed Sonja
 10086 | Lair:1   | Noticed an oklob plant
 10448 | Lair:2   | Found a gate leading to a gauntlet.
 10453 | Gauntlet | Entered a Gauntlet
 10453 | Gauntlet | Found a transporter.
 10480 | Gauntlet | Found a transporter.
 10482 | Gauntlet | Found a transporter.
 10490 | Gauntlet | Found a transporter.
 10492 | Gauntlet | Found a transporter.
 10499 | Gauntlet | Noticed a fire crab
 10502 | Gauntlet | Found a transporter.
 10518 | Gauntlet | Found a transporter.
 10522 | Gauntlet | Found a runed translucent door.
 10528 | Gauntlet | Found a runed translucent door.
 10529 | Gauntlet | Found a transporter.
 10530 | Gauntlet | Found a runed translucent door.
 10532 | Gauntlet | Noticed a cacodemon
 10537 | Gauntlet | Noticed a wolf spider
 10539 | Gauntlet | Found a transporter.
 10542 | Gauntlet | Noticed an entropy weaver
 10553 | Gauntlet | Found a transporter.
 10562 | Gauntlet | Found a transporter.
 10565 | Gauntlet | Found a transporter.
 10627 | Gauntlet | Found a transporter.
 10754 | Gauntlet | Found a transporter.
 10794 | Gauntlet | Got a brightly glowing ivory amulet
 10797 | Gauntlet | Got a shimmering chain mail
 10798 | Gauntlet | Identified the +4 chain mail of Resilience {*Drain Int+3
                  | Stlth+} (You found it in a Gauntlet)
 10799 | Gauntlet | Identified the amulet of Terra Nullius {Inacc rC+ MP+9
                  | Int+2} (You found it in a Gauntlet)
 10833 | Gauntlet | Identified the ring "Ujac Ugi" {*Tele MP-9 Int+3 SInv}
 10833 | Gauntlet | Noticed a minotaur
 10858 | Gauntlet | Killed a minotaur
 10858 | Gauntlet | Received a gift from Okawaru
 10878 | Gauntlet | Found the -2 hat of the Alchemist {rElec rPois rF+ rC+ rN+
                  | MR+ rMut rCorr}
 11272 | Lair:2   | Reached XP level 12. HP: 73/75 MP: 17/17
 11928 | Lair:3   | Noticed an eight-headed hydra
 11935 | Lair:3   | Killed an eight-headed hydra
 11935 | Lair:3   | Received a gift from Okawaru
 12590 | Lair:3   | Identified the Tome of the Mutagenic Rocks
 12593 | Lair:3   | Got a glittering lead amulet
 12705 | Lair:3   | Identified the amulet of the Snail {Inacc Int+3} (You found
                  | it on level 3 of the Lair of Beasts)
 12750 | Lair:3   | Found a staircase to the Snake Pit.
 12948 | Lair:3   | Found a staircase to the Swamp.
 13375 | Lair:4   | Noticed Urug
 13392 | Lair:4   | Killed Urug
 13392 | Lair:4   | Received a gift from Okawaru
 13511 | Lair:4   | Noticed an ice dragon
 13526 | Lair:4   | Killed from afar by an ice dragon

Illustrated notes

Levels and vault maps discovered:
D:1:      dpeg_arrival_tiny_a, layout_basic, ashenzari_altar_1
D:2:      layout_basic, uniq_terence
D:3:      layout_loops_cross, old_standard_altar, zin_statuary, first_ration,
          uniq_ijyb
D:4:      layout_basic, temple_doors_e, uniq_sigmund
D:5:      layout_loops_ring, kennysheep_mini, gammafunk_ghost_mausoleum,
          minmay_manual_monolith
D:6:      layout_layer_cave
D:7:      layout_basic
D:8:      layout_gridville
D:9:      layout_rooms, grunt_temple_overflow_open, david_lair_generic,
          uniq_gastronok
D:10:     layout_loops_ring, basic_altar, uniq_fannar
Temple:   oiseaux_autumnal_temple
Lair:1:   layout_cave_pods, beast_lair_carwin_4, infiniplex_staircase_pool,
          grunt_megastairs_4, minmay_lair_oklob_chamber, uniq_sonja
Lair:2:   layout_regular_city, gauntlet_entry_generic
Lair:3:   layout_cellular_growth, minmay_swamp_entry_reptiles,
          guppyfry_snake_entry_island, minmay_lindwurm_lava
Lair:4:   dragon1_lemuel, layout_regular_city, grunt_megastairs_1, uniq_urug

Skill      XL: |  1  2  3  4  5  6  7  8  9 10 11 12 |
---------------+-------------------------------------+-----
Maces & Flails | 3 4 5 6 8 9 |  9.9
Fighting       | 4 5 6 7 8 9 |  9.4
Armour         | 4 5 6 7 8 9 |  9.4
Shields        | 4 5 6 7 8 9 |  9.5
Invocations    | 1 3 4 5 7 |  7.9
Throwing       | 2 4 6 7 9 |  9.0
Evocations     | 1 2 |  2.0
Dodging        | 2 4 |  4.7

Action                   |  1- 3 |  4- 6 |  7- 9 | 10-12 || total
-------------------------+-------+-------+-------+-------++-------
Melee: Flail             |   131 |   110 |   518 |   326 ||  1085
       Headbutt          |       |     9 |   104 |   128 ||   241
       Unarmed           |       |       |    17 |       ||    17
       Morningstar       |       |       |    52 |   248 ||   300
Throw: Boomerang         |       |       |    96 |    41 ||   137
Invok: Heroism           |       |       |       |     8 ||     8
       Finesse           |       |       |       |     2 ||     2
 Abil: Fly               |       |       |     1 |       ||     1
Evoke: Wand              |       |       |       |     2 ||     2
  Use: Potion            |       |     4 |       |     2 ||     6
       Scroll            |       |     6 |     5 |    10 ||    21
  Eat: Chunk             |     1 |     3 |    20 |    15 ||    39
       Ration            |       |       |       |     1 ||     1
Armor: Scale mail        |    79 |    74 |   205 |       ||   358
       Plate armour      |       |       |    82 |   333 ||   415
Dodge: Dodged            |    40 |    26 |   153 |   186 ||   405
Block: Kite shield       |    82 |    49 |   309 |   443 ||   883
       Reflection        |       |       |       |     2 ||     2
